 Dungeon Crawl Stone Soup version 0.31-a0-750-gfe7b580527 (webtiles) character file.

Game seed: 5820474461927980167

608 Dittersdorf the Shield-Bearer (level 7, -1/44 HPs)
             Began as a Gargoyle Fighter on Sept 14, 2023.
             Slain by a killer bee (3 damage)
             ... on level 5 of the Dungeon.
             The game lasted 00:06:35 (4443 turns).

Dittersdorf the Shield-Bearer (Gargoyle Fighter)    Turns: 4443, Time: 00:06:36

Health: -1/44      AC: 17    Str: 21    XL:     7   Next: 43%
Magic:  7/7        EV:  8    Int:  9    God:
Gold:   121        SH:  4    Dex:  9    Spells: 6/6 levels left

rFire   . . .        a - +0 flail
rCold   . . .        c - +0 buckler
rNeg    + . .        m - +0 chain mail
rPois   ∞            i - +2 hat
rElec   +            (no cloak)
rCorr   .            f - +0 pair of gloves
SInv    .            (no boots)
Will    .....        (no amulet) Stlth
                     (no ring)
HPRegen 0.27/turn    (no ring)
MPRegen 0.10/turn

%: no passive effects
@: no status effects
A: sickness immunity, AC +4, negative energy resistance 1, electricity
resistance, torment resistance 1, petrification resistance
a: no special abilities


You were on level 5 of the Dungeon.
You visited 1 branch of the dungeon, and saw 5 of its levels.
You also visited: Sewer.

You collected 236 gold pieces.
You spent 115 gold pieces at shops.

Inventory:

Hand Weapons
 a - a +0 flail (weapon)
Armour
 c - a +0 buckler (worn)
 f - a +0 pair of gloves (worn)
 i - a +2 hat (worn)
 m - a +0 chain mail (worn)
Magical Staves
 e - a staff of earth
Jewellery
 l - a ring of ice
 o - the ring "Quosak" {rF++ rN+ Will-}
   (You bought it in a shop on level 2 of the Dungeon)

   [ring of positive energy]

   rF++:      It greatly protects you from fire.
   rN+:       It protects you from negative energy.
   Will-:     It decreases your willpower.
 v - a ring of fire
Wands
 s - a wand of iceblast (6)
 u - a wand of flame (7)
Scrolls
 k - a scroll of revelation
 p - 3 scrolls of teleportation
 q - 2 scrolls of enchant armour {unknown}
 r - a scroll of fear {unknown}
 t - 2 scrolls of identify {unknown}
 w - 2 scrolls of summoning {unknown}
 y - a scroll of enchant weapon {unknown}
 A - a scroll of brand weapon {unknown}
Potions
 b - a potion of invisibility {unknown}
 d - 2 potions of might
 g - a potion of cancellation {unknown}
 h - a potion of haste {unknown}
 j - 2 potions of magic {unknown}
 n - 5 potions of mutation {unknown}
 x - a potion of heal wounds {unknown}
 z - a potion of enlightenment {unknown}


   Skills:
 + Level 5.3 Fighting
 + Level 4.3 Maces & Flails
 + Level 5.3 Armour
 + Level 5.3 Shields


You had 6 spell levels left.
You didn't know any spells.
Your spell library contained the following spells:

 Spells                   Type           Power      Damage    Failure   Level
 Apportation              Tloc           0%         N/A       97%         1
 Magic Dart               Conj           0%         1d3       97%         1
 Necrotise                Necr           0%         1d4       97%         1
 Slow                     Hex            0%         N/A       97%         1
 Summon Small Mammal      Summ           0%         N/A       97%         1
 Call Imp                 Summ           0%         N/A       99%         2
 Confusing Touch          Hex            0%         N/A       100%        3
 Mephitic Cloud           Conj/Pois/Air  0%         N/A       100%        3
 Sigil of Binding         Hex            0%         N/A       100%        3
 Vampiric Draining        Necr           0%         2d6       100%        3


Dungeon Overview and Level Annotations

Branches:
Dungeon (5/15)              Sewer (visited)
 Temple: D:4-7

Altars:
Elyvilon
Trog
The Shining One

Shops:
D:1 (   D:2 *


Innate Abilities, Weirdness & Mutations

You are immune to sickness and miasma.
Your stone body is resilient. (AC +4)
You are immune to poison.
You resist negative energy. (rN+)
You are resistant to electric shocks. (rElec)
You are resistant to unholy torment.
You are immune to petrification.


Message History

The killer bee barely misses you. The killer bee stings you.
* * * LOW HITPOINT WARNING * * *
You completely miss the killer bee.
The killer bee is severely wounded.
The killer bee stings you but does no damage.
The killer bee stings you.
* * * LOW HITPOINT WARNING * * *
The killer bee stings you.
* * * LOW HITPOINT WARNING * * *
You barely miss the killer bee.
The killer bee is severely wounded.
The killer bee stings you but does no damage.
The killer bee closely misses you.
You closely miss the killer bee.
The killer bee is severely wounded.
The killer bee barely misses you.
The killer bee stings you but does no damage. x2
You barely miss the killer bee.
The killer bee is severely wounded.
You block the killer bee's attack.
The killer bee stings you but does no damage.
You miss the killer bee.
The killer bee is severely wounded.
The killer bee stings you but does no damage.
The killer bee completely misses you.
You miss the killer bee.
The killer bee is severely wounded.
The killer bee completely misses you. The killer bee stings you.
* * * LOW HITPOINT WARNING * * *
The killer bee stings you but does no damage.
You miss the killer bee.
The killer bee is severely wounded.
The killer bee stings you but does no damage.
The killer bee barely misses you.
You closely miss the killer bee.
The killer bee is severely wounded.
The killer bee stings you.
* * * LOW HITPOINT WARNING * * *
The killer bee stings you.
You die...

...............^........
##...........................
#...........#.#......#......
##.................).........
...........##.#...........#..
.###.##.#####.#..#..#.......#
#....# #......#...<..#..
###..# ####...#.#....... #..#
##.@y.#..y....#
#.#####..####...........
##.#.....## #......>####
#....##### #........# ###.##
..........# #..#
.###........# ##.# #
#........# .. #........# ...


You could see a killer bee.

Vanquished Creatures
  An ogre (D:4)
  A kobold brigand (Sewer)
  2 killer bees (D:5)
  A gnoll bouda (D:2)
  Jessica (D:3)
  A sleepcap (D:5)
  6 gnolls
  10 adders
  3 river rats (Sewer)
  2 worms
  2 dart slugs
  10 orcs
  7 endoplasms
  A giant cockroach (D:2)
  2 goblins (D:1)
  5 hobgoblins
  2 jackals (D:3)
  3 quokkas
  12 ball pythons
  5 bats
  3 frilled lizards
  16 kobolds
  28 rats
124 creatures vanquished.

Vanquished Creatures (others)
  A butterfly (D:4)
1 creature vanquished.

Grand Total: 125 creatures vanquished

Notes
Turn   | Place    | Note
-------+----------+-------------------------------------------
     0 | D:1      | Dittersdorf the Gargoyle Fighter began the quest for the
                  | Orb.
     0 | D:1      | Reached XP level 1. HP: 14/14 MP: 1/1
    81 | D:1      | Found Sicweeh's Weapon Emporium.
   268 | D:1      | Reached XP level 2. HP: 18/19 MP: 2/2
   579 | D:1      | Found a faded altar of an unknown god.
   890 | D:2      | Found Riqoutz's Assorted Antiques.
   958 | D:2      | Reached XP level 3. HP: 20/23 MP: 3/3
  1165 | D:2      | Bought a slimy pewter ring for 115 gold pieces
  1165 | D:2      | Identified the ring "Quosak" {rF++ rN+ Will-} (You bought
                  | it in a shop on level 2 of the Dungeon)
  1640 | D:3      | Identified the +0 whip "Jarudy" {freeze, Str-3 Int+2
                  | Stlth+}
  1648 | D:3      | Reached XP level 4. HP: 29/29 MP: 4/4
  1690 | D:3      | Found a glowing golden altar of the Shining One.
  1941 | D:2      | Reached XP level 5. HP: 15/33 MP: 5/5
  2081 | D:3      | Noticed Jessica
  2092 | D:3      | Killed Jessica
  2708 | D:3      | Found a faded altar of an unknown god.
  2712 | D:3      | Found a bloodstained altar of Trog.
  2914 | D:4      | Found a white marble altar of Elyvilon.
  2920 | D:4      | Reached XP level 6. HP: 37/39 MP: 6/6
  2974 | D:4      | Found a glowing drain.
  2983 | Sewer    | Entered a sewer
  3351 | Sewer    | Identified the +0 leather armour of Caaheq {Slay+3}
  3418 | Sewer    | Reached skill level 5 in Shields
  3839 | D:4      | Reached skill level 5 in Fighting
  3900 | D:4      | Reached skill level 5 in Armour
  3900 | D:4      | Reached XP level 7. HP: 14/44 MP: 7/7
  4292 | D:5      | Entered Level 5 of the Dungeon
  4441 | D:5      | HP: 2/44 [killer bee (3)]
  4443 | D:5      | Slain by a killer bee

Illustrated notes

Levels and vault maps discovered:
D:1:      amcnicky_arrival_abandoned_market, layout_loops_cross, serial_shops,
          nicolae_shop_crystal, ebering_ecumenical_altar_box, kennysheep_boxes
D:2:      layout_basic, serial_shops, nicolae_shop_statue_plus
D:3:      layout_basic, pf_just_have_faith, nicolae_overflow_ecumenical_swirl,
          kennysheep_generic_room_4, uniq_jessica
D:4:      layout_loops_ring, nicolae_overflow_hidden_temple,
          nicolae_elyvilon_peaceful_grove, portal_sewer_entry_d
D:5:      layout_rooms

Skill      XL: |  1  2  3  4  5  6 |
---------------+-------------------+-----
Fighting       | 4 5 |  5.3
Shields        | 4 5 |  5.3
Maces & Flails | 3 4 |  4.3
Armour         | 4 5 |  5.3

Action                     |  1- 3 |  4- 6 |  7- 9 || total
---------------------------+-------+-------+-------++-------
  Melee: Flail             |   130 |   310 |    82 ||   522
    Use: Scroll            |       |     4 |       ||     4
 Armour: Scale mail        |    47 |       |       ||    47
         Chain mail        |    47 |   332 |    99 ||   478
  Dodge: Dodged            |    64 |   167 |    49 ||   280
  Block: Buckler           |    30 |    91 |    26 ||   147

Table legend: (Time is in decaauts)
 A = Elapsed time spent in this place.
 B = Non-inter-level travel time spent in this place.
 C = Inter-level travel time spent in this place.
 D = Time resting spent in this place.
 E = Time spent auto-exploring this place.
 F = Levels seen in this place.
 G = Mean time per level.
                   A        B        C        D        E       F      G
               +--------+--------+--------+--------+--------+-----+--------+
         Total |   4616 |   4417 |    199 |    111 |   3023 |   6 |  769.3 |
       Dungeon |   3887 |   3688 |    199 |    111 |   2627 |   5 |  777.4 |
         Sewer |    728 |    728 |      0 |      0 |    395 |   1 |  728.0 |
               +--------+--------+--------+--------+--------+-----+--------+

Top non-repeatable levels by time:
     D:3: 1077 daAuts
     D:4: 910 daAuts
     D:1: 898 daAuts
     D:2: 834 daAuts
   Sewer: 728 daAuts
     D:5: 167 daAuts
